Map: Blackpink LE

Players

SpeCial - Winner!

  • Race: Terran Terran
  • League: Master
  • Spawn Location: 1:00

IlIlIlIlIlIl

  • Race: Protoss Protoss
  • League: Grandmaster
  • Spawn Location: 7:00

VOD

Have the link to the VOD?

Description

Time

  • Played on: Feb. 13, 2018, 11:03 a.m.
  • Length: 13:02
Show
View Real Time Build Order
Export as new Build Order

SpeCial Terran - Winner!

Build Orders: MMM Bio 

Get SALT Encoding   

  12  0:00  SCV  
  13  0:12  SCV  
  14  0:17  Supply Depot  
  14  0:25  SCV  
  15  0:39  SCV, Barracks  
  16  0:45  Refinery  
  16  0:51  SCV  
  17  1:01  Barracks  
  17  1:05  SCV  
  18  1:17  SCV  
  19  1:26  Marine  
  19  1:29  Orbital Command  
  20  1:34  Supply Depot  
  20  1:44  Barracks Tech Lab  
  20  1:49  Barracks Tech Lab  
  20  1:55  SCV  
  21  2:04  Marauder  
  21  2:08  Marauder, Concussive Shells  
  25  2:10  SCV  
  26  2:17  Supply Depot  
  26  2:22  SCV  
  27  2:26  Marauder  
  31  2:30  Marauder  
  31  2:38  SCV  
  31  2:41  Supply Depot  
  32  2:48  Marauder  
  32  2:50  SCV  
  32  2:51  Marauder  
  36  3:02  Bunker  
  36  3:03  SCV  
  37  3:09  Marauder  
  39  3:18  SCV, Engineering Bay  
  40  3:30  SCV  
  40  3:35  Marauder x2  
  40  3:42  SCV  
  39  3:54  SCV, Command Center  
  40  3:59  Factory  
  40  4:01  Marauder  
  42  4:06  SCV  
  40  4:11  Marauder  
  40  4:18  SCV  
  41  4:27  Marine  
  41  4:30  SCV  
  41  4:33  Missile Turret  
  41  4:34  Bunker  
  41  4:42  SCV  
  41  4:43  Marine  
  41  4:51  Marine  
  41  4:52  Cyclone  
  43  4:54  SCV  
  43  4:55  Missile Turret  
  44  5:00  Missile Turret  
  44  5:06  SCV  
  45  5:07  Orbital Command  
  45  5:09  Marine  
  45  5:19  SCV  
  44  5:27  Marine  
  44  5:31  Cyclone, SCV  
  48  5:36  SCV  
  48  5:40  Bunker  
  49  5:43  SCV  
  49  5:45  Missile Turret, Marine  
  49  5:48  SCV  
  48  5:51  Supply Depot  
  48  5:53  Missile Turret  
  48  5:55  SCV  
  48  6:00  Command Center  
  48  6:01  SCV  
  48  6:02  Marine  
  50  6:11  Factory Tech Lab  
  50  6:14  SCV, Stimpack  
  50  6:15  SCV  
  50  6:16  Refinery  
  52  6:20  Marine  
  53  6:27  SCV x2  
  53  6:28  Barracks  
  53  6:31  Barracks  
  55  6:37  Refinery  
  55  6:38  Marine  
  55  6:39  SCV x2  
  58  6:43  Factory Reactor  
  57  6:51  SCV x2  
  59  6:56  Marine  
  60  7:03  Supply Depot, SCV x2  
  62  7:08  Refinery  
  62  7:11  Barracks x2  
  62  7:13  Terran Infantry Weapons Level 1  
  62  7:14  Orbital Command, Marauder  
  62  7:15  SCV x2  
  65  7:27  SCV x2  
  67  7:30  Starport  
  67  7:32  Marine x2  
  67  7:34  Barracks Tech Lab  
  67  7:36  Marauder  
  71  7:37  Factory Reactor  
  71  7:39  SCV x2  
  71  7:40  SCV  
  74  7:47  Supply Depot  
  74  7:50  Marine x2  
  76  7:55  Supply Depot  
  76  7:56  Supply Depot  
  76  7:58  Marauder x2, Combat Shields  
  80  8:01  Barracks Reactor, Barracks Tech Lab  
  80  8:07  Marine  
  80  8:08  Marine  
  81  8:13  Starport  
  81  8:16  Orbital Command  
  81  8:18  Supply Depot  
  85  8:20  Supply Depot, Marauder x2  
  85  8:23  Factory Reactor  
  85  8:25  Marine x2, Medivac  
  88  8:27  SCV x2  
  90  8:35  Supply Depot, Medivac  
  90  8:37  Marine x2  
  90  8:38  Marauder  
  90  8:39  SCV  
  90  8:40  SCV  
  90  8:41  SCV  
  99  8:43  Marine x2  
  101  8:48  Missile Turret  
  101  8:51  SCV  
  101  8:52  SCV  
  101  8:53  SCV  
  101  8:54  Marauder x2  
  108  8:56  Marine x2  
  108  8:59  Marine  
  108  9:01  Marine x2  
  113  9:03  SCV  
  113  9:04  SCV  
  113  9:06  Refinery  
  113  9:07  Terran Infantry Armor Level 1, Medivac  
  116  9:11  Medivac  
  116  9:14  Refinery  
  118  9:23  SCV  
  118  9:24  Marine x4  
  119  9:25  Marauder x3  
  119  9:27  SCV  
  119  9:28  SCV  
  130  9:38  Armory  
  130  9:39  Engineering Bay  
  130  9:40  Command Center  
  130  9:41  Marine  
  130  9:42  Marine x3  
  134  9:46  Marauder  
  134  9:47  Marauder  
  134  9:50  Supply Depot  
  138  9:59  Marine, Marauder  
  141  10:05  Supply Depot, Marine x3  
  141  10:06  Viking x2  
  148  10:11  Viking  
  148  10:12  Viking, Marauder  
  154  10:17  Supply Depot  
  154  10:20  Liberator x2  
  152  10:28  Marine x4  
  154  10:31  Supply Depot  
  154  10:32  Terran Infantry Weapons Level 2  
  154  10:33  Terran Ship Weapons Level 1  
  155  10:37  Missile Turret  
  161  10:43  Viking  
  161  10:44  Viking  
  165  10:56  Marine x2  
  165  10:57  Marine, Marauder x2  
  167  10:58  Marine, Marauder  
  167  11:01  Supply Depot  
  175  11:06  Planetary Fortress  
  175  11:16  Viking x2  
  179  11:24  Ghost Academy  
  178  11:28  Marine x4  
  178  11:29  Marauder  
  184  11:33  Viking  
  184  11:36  Viking  
  188  11:40  Marauder  
  190  11:48  Marine, Marauder  
  190  11:52  Marine  
  190  11:53  Marauder  
  196  12:00  Marine  
  190  12:02  Marauder  
  190  12:05  Viking x2  
  190  12:07  Viking  
  166  12:16  Marine x2, Marauder  
  166  12:17  Marine  
  166  12:18  Viking, Marine, Marauder  
  167  12:23  Marauder  
  167  12:29  Barracks  
  166  12:30  Barracks  
  164  12:38  Marine x2  
  164  12:39  Marauder  
  164  12:40  Marine  
  164  12:41  Marine  
Show
View Real Time Build Order
Export as new Build Order

IlIlIlIlIlIl Protoss 

Build Orders: 1 Gate Expand, Oracle Opening 

Get SALT Encoding   

  12  0:01  Probe  
  13  0:14  Probe  
  14  0:20  Pylon  
  14  0:26  Probe (Chrono Boost)  
  15  0:38  Probe (Chrono Boost)  
  15  0:40  Gateway  
  16  0:47  Probe (Chrono Boost), Assimilator  
  17  0:52  Probe  
  18  1:04  Probe  
  19  1:16  Probe  
  20  1:24  Nexus  
  20  1:32  Cybernetics Core  
  20  1:35  Probe  
  21  1:41  Assimilator  
  21  1:48  Probe  
  21  1:50  Pylon  
  22  2:01  Probe  
  23  2:07  Adept (Chrono Boost)  
  23  2:13  Probe  
  23  2:14  Stargate  
  26  2:21  Warp Gate  
  26  2:25  Probe (Chrono Boost)  
  27  2:30  Adept  
  27  2:35  Probe (Chrono Boost)  
  31  2:37  Probe (Chrono Boost)  
  32  2:45  Probe x2 (Chrono Boost)  
  32  2:50  Probe (Chrono Boost)  
  33  2:51  Probe  
  35  2:59  Oracle (Chrono Boost)  
  35  3:02  Probe  
  39  3:06  Probe  
  39  3:07  Pylon  
  39  3:10  Stalker  
  39  3:21  Pylon  
  36  3:31  Oracle (Chrono Boost)  
  38  3:41  Probe x2  
  36  3:49  Stalker  
  34  4:12  Oracle (Chrono Boost)  
  34  4:15  Probe x2  
  38  4:25  Gateway  
  38  4:26  Stalker  
  38  4:27  Probe x2  
  40  4:39  Probe x2 (Chrono Boost)  
  41  4:51  Probe (Chrono Boost)  
  42  4:53  Stalker  
  42  4:57  Probe (Chrono Boost), Oracle  
  48  5:00  Probe (Chrono Boost)  
  48  5:02  Pylon  
  48  5:04  Probe (Chrono Boost)  
  48  5:05  Probe (Chrono Boost)  
  50  5:15  Probe (Chrono Boost)  
  51  5:27  Probe (Chrono Boost), Robotics Facility  
  53  5:29  Probe (Chrono Boost)  
  53  5:32  Zealot  
  53  5:35  Zealot  
  58  5:37  Probe (Chrono Boost)  
  55  5:49  Probe (Chrono Boost)  
  53  5:53  Probe (Chrono Boost)  
  54  6:02  Probe (Chrono Boost)  
  54  6:03  Pylon  
  56  6:06  Probe (Chrono Boost)  
  56  6:07  Probe (Chrono Boost)  
  57  6:14  Probe (Chrono Boost)  
  57  6:17  Robotics Bay, Observer  
  57  6:18  Probe (Chrono Boost)  
  60  6:22  Twilight Council  
  60  6:26  Probe (Chrono Boost), Assimilator  
  60  6:28  Assimilator  
  60  6:32  Pylon  
  62  6:33  Probe (Chrono Boost)  
  62  6:34  Probe (Chrono Boost)  
  63  6:40  Probe x2  
  65  6:52  Probe  
  65  6:53  Probe  
  64  6:54  Immortal (Chrono Boost)  
  68  7:03  Forge  
  68  7:04  Probe  
  68  7:05  Gateway  
  68  7:06  Blink  
  68  7:08  Gateway  
  69  7:10  Probe  
  69  7:13  Pylon  
  70  7:25  Probe, Colossus (Chrono Boost)  
  77  7:35  Pylon  
  77  7:39  Protoss Ground Weapons Level 1  
  77  7:40  Gateway  
  77  7:42  Gateway  
  77  7:58  Sentry  
  79  8:08  Colossus (Chrono Boost)  
  85  8:16  Nexus  
  85  8:17  Pylon  
  85  8:32  Extended Thermal Lance  
  85  8:35  Probe x2  
  85  8:36  Stalker x2  
  85  8:37  Stalker x2  
  93  8:48  Stalker x2  
  97  8:57  Probe  
  97  8:58  Probe  
  99  9:03  Warp Prism (Chrono Boost)  
  99  9:05  Pylon  
  99  9:09  Probe  
  102  9:21  Probe  
  102  9:26  Probe  
  102  9:27  Charge (Chrono Boost)  
  102  9:29  Colossus (Chrono Boost)  
  103  9:33  Probe, Templar Archives  
  103  9:35  Probe  
  103  9:36  Assimilator  
  103  9:37  Assimilator  
  108  9:39  Probe  
  109  9:46  Probe  
  109  9:49  Stalker x2  
  109  9:50  Stalker  
  108  10:01  Pylon  
  108  10:04  Pylon  
  108  10:06  Stalker  
  108  10:07  Stalker x2  
  114  10:09  Pylon, Protoss Ground Armor Level 1 (Chrono Boost)  
  114  10:10  Pylon  
  114  10:21  Psionic Storm  
  114  10:24  Colossus (Chrono Boost)  
  114  10:26  Zealot x3  
  126  10:33  Probe  
  127  10:51  High Templar x2  
  127  10:55  Photon Cannon  
  129  10:58  Pylon, Photon Cannon  
  129  10:59  Forge  
  129  11:00  Pylon  
  129  11:01  Shield Battery  
  129  11:07  High Templar  
  129  11:08  High Templar  
  133  11:26  Colossus  
  139  11:33  Stalker x4  
  139  11:37  Gateway  
  139  11:38  Gateway  
  147  11:45  Stalker  
  148  11:47  Pylon  
  148  11:53  Stalker  
  148  12:02  Stalker x2  
  148  12:03  Stalker  
  148  12:14  Stalker x2  
  130  12:20  Stalker  
  130  12:21  Immortal  
Tags
 
Add a new tag
Caveats
  • Supply blocks, unpowered buildings, or Contaminate may cause inaccurate times.
  • Supply counts are checked every 10 seconds.